Map: Dreamcatcher LE

Players

PartinG

  • Race: Protoss Protoss
  • League: Master
  • Spawn Location: 5:00

GOStephano (Stephano) - Winner!

  • Race: Zerg Zerg
  • League: Master
  • Spawn Location: 11:00

Event: HomeStory Cup XVII

VOD

Have the link to the VOD?

Description

Time

  • Played on: June 30, 2018, 12:14 p.m.
  • Length: 7:42

All games in this series

Show
View Real Time Build Order
Export as new Build Order

PartinG Protoss 

Build Orders: 1 Gate Expand, Phoenix Opening 

Get SALT Encoding   

  12  0:00  Probe  
  13  0:12  Probe  
  14  0:18  Pylon  
  14  0:24  Probe  
  15  0:33  Probe  
  15  0:38  Gateway  
  15  0:41  Probe  
  16  0:48  Assimilator  
  17  0:50  Probe  
  18  0:58  Probe  
  19  1:06  Probe  
  20  1:24  Nexus  
  20  1:34  Cybernetics Core  
  20  1:40  Assimilator  
  20  1:42  Probe  
  21  1:51  Pylon  
  21  1:54  Probe  
  22  2:00  Stalker  
  22  2:06  Probe  
  25  2:18  Probe  
  25  2:21  Stargate  
  26  2:27  Warp Gate  
  26  2:30  Probe  
  26  2:32  Probe  
  28  2:40  Probe  
  28  2:42  Probe  
  28  2:44  Adept  
  31  2:50  Probe  
  32  2:54  Probe  
  34  2:59  Phoenix  
  34  3:05  Probe  
  35  3:06  Probe  
  35  3:12  Twilight Council  
  38  3:15  Pylon  
  38  3:20  Pylon  
  38  3:22  Probe  
  39  3:33  Charge  
  39  3:44  Robotics Facility  
  39  3:47  Gateway  
  39  3:49  Gateway  
  39  3:59  Gateway x2  
  39  4:05  Gateway  
  39  4:13  Gateway  
  39  4:14  Gateway  
  39  4:22  Pylon  
  39  4:24  Warp Prism  
  39  4:32  Zealot  
  43  4:46  Zealot x2  
  43  4:50  Pylon  
  47  4:56  Zealot x3  
  52  5:09  Zealot x5  
  52  5:13  Pylon  
  62  5:19  Zealot x3  
  68  5:28  Pylon  
  68  5:34  Zealot x4  
  76  5:53  Zealot x5  
  76  5:54  Warp Prism  
  76  5:56  Zealot  
  66  5:57  Zealot  
  60  6:10  Probe x2  
  60  6:12  Assimilator  
  56  6:22  Probe  
  56  6:23  Probe  
  58  6:25  Assimilator  
  58  6:30  Probe  
  58  6:35  Probe  
  58  6:38  Probe  
  61  6:47  Probe  
  61  6:49  Probe  
  63  6:59  Probe  
  64  7:02  Zealot x3, Pylon  
  64  7:03  Zealot x5  
  80  7:11  Templar Archives  
  68  7:26  Zealot x6  
Show
View Real Time Build Order
Export as new Build Order

GOStephano Zerg - Winner!

Build Orders: Hatch First 

Get SALT Encoding   

  12  0:01  Drone  
  13  0:12  Overlord  
  13  0:17  Drone  
  14  0:30  Drone x2  
  16  0:48  Hatchery  
  15  0:51  Drone  
  15  0:55  Drone  
  17  0:58  Drone  
  18  1:10  Extractor  
  17  1:14  Spawning Pool  
  17  1:17  Drone  
  17  1:20  Drone  
  18  1:28  Drone  
  19  1:40  Drone  
  20  1:51  Drone  
  21  2:01  Queen x2  
  21  2:02  Overlord, Zergling x2  
  26  2:12  Drone x2  
  28  2:21  Metabolic Boost  
  28  2:23  Drone x2  
  30  2:34  Hatchery  
  29  2:41  Queen  
  31  2:48  Overlord  
  31  2:49  Drone  
  31  2:50  Drone  
  33  2:53  Drone  
  33  2:55  Drone  
  36  2:58  Drone  
  35  3:08  Drone x4  
  35  3:11  Zergling x4  
  41  3:14  Drone x2  
  43  3:22  Evolution Chamber  
  43  3:23  Queen  
  44  3:29  Overlord  
  44  3:36  Spore Crawler, Drone  
  44  3:45  Overlord  
  44  3:47  Drone x6  
  50  3:49  Zerg Melee Weapons Level 1  
  50  3:55  Spore Crawler  
  49  3:58  Drone  
  50  4:03  Spore Crawler, Queen  
  51  4:12  Zergling x2  
  51  4:13  Zergling x6  
  55  4:19  Drone  
  55  4:20  Overlord x2, Drone x2  
  58  4:37  Overlord, Spine Crawler  
  58  4:38  Queen x2  
  57  4:40  Zergling x6  
  57  4:43  Zergling x4  
  65  4:48  Zergling x6  
  65  4:51  Zergling x6  
  71  4:55  Zergling x2  
  71  4:56  Zergling x4  
  71  4:59  Zergling x4  
  76  5:03  Zergling x6  
  79  5:08  Zergling x4  
  79  5:09  Spine Crawler  
  79  5:11  Overlord  
  80  5:17  Overlord  
  80  5:22  Baneling Nest  
  79  5:29  Zergling x2  
  79  5:30  Zergling x16  
  88  5:38  Zergling x8  
  88  5:39  Queen  
  86  5:53  Zergling x16  
  79  5:59  Zergling x2  
  79  6:00  Zergling x4  
  73  6:04  Zergling x2  
  73  6:05  Zergling x2  
  73  6:09  Zergling x2  
  74  6:12  Zergling x6  
  74  6:16  Zergling x8  
  78  6:19  Lair  
  78  6:22  Zergling x4  
  78  6:23  Baneling x9  
  80  6:30  Zergling x6  
  83  6:41  Zergling x6  
  83  6:43  Baneling  
  83  6:44  Baneling x4  
  83  6:47  Overlord  
  86  7:00  Drone x8  
  94  7:02  Extractor  
  94  7:03  Extractor  
  94  7:08  Zergling x2  
  92  7:10  Zergling x2  
  92  7:16  Zergling x2  
  92  7:17  Zergling x14  
  95  7:24  Zergling x4  
Tags
 
Add a new tag
Caveats
  • Supply blocks, unpowered buildings, or Contaminate may cause inaccurate times.
  • Supply counts are checked every 10 seconds.